 Dungeon Crawl Stone Soup version 0.22-a0-825-ga28c36f (webtiles) character file.

92 riteheju the Sneak (level 4, -2/33 HPs)
             Began as a Demonspawn Assassin on July 24, 2018.
             Killed from afar by an orc wizard (11 damage)
             ... with a magic dart
             ... on level 3 of the Dungeon.
             The game lasted 00:05:48 (2086 turns).

riteheju the Sneak (Demonspawn Assassin)            Turns: 2086, Time: 00:05:49

Health: -2/33      AC:  5    Str: 12    XL:     4   Next: 35%
Magic:  4/4        EV: 12    Int: 12    God:
Gold:   67         SH:  0    Dex: 15    Spells: 3/3 levels left

rFire    . . .     SeeInvis .   a - +2 dagger
rCold    . . .     Gourm    .   (no shield)
rNeg     . . .     Faith    .   c - +0 robe
rPois    .         Spirit   .   (no helmet)
rElec    .         Reflect  .   d - +0 cloak
rCorr    .         Harm     .   (no gloves)
MR       .....                  (no boots)
Stlth    ++++......             (no amulet)
HPRegen  0.11/turn              r - ring of stealth
MPRegen  0.09/turn              (no ring)

@: slowed, very slow
A: yellow scales 1, powered by pain 1
a: no special abilities


You were on level 3 of the Dungeon.
You were not hungry.

You visited 1 branch of the dungeon, and saw 3 of its levels.

You collected 67 gold pieces.

Inventory:

Hand Weapons
 a - a +2 dagger (weapon)
 b - a +0 blowgun
Missiles
 e - 8 poisoned needles
 f - 2 curare-tipped needles
Armour
 c - a +0 robe (worn)
 d - a +0 cloak (worn)
Jewellery
 r - a ring of stealth (left hand)
 w - a cursed ring of teleportation {unknown}
Scrolls
 h - 2 scrolls of identify
 i - a scroll of amnesia {unknown}
 k - a scroll of remove curse {unknown}
 m - a scroll of enchant armour {unknown}
 o - a scroll of immolation {unknown}
 s - 3 scrolls of blinking {unknown}
 t - a scroll of enchant weapon {unknown}
Potions
 j - a potion of flight {unknown}
 l - a potion of curing
 n - a potion of cancellation {unknown}
 p - a potion of resistance {unknown}
 q - 2 potions of mutation
 u - a potion of degeneration {unknown}
Comestibles
 g - 3 rations
 v - 4 chunks of flesh


   Skills:
 + Level 2.3 Fighting
 + Level 2.5 Short Blades
 + Level 1.9 Throwing
 + Level 1.0 Dodging
 + Level 4.9 Stealth


You had 3 spell levels left.
You didn't know any spells.
Your spell library was empty.

Dungeon Overview and Level Annotations

Branches:
Dungeon (3/15)

Altars:
Dithmenos
Elyvilon
Makhleb
Trog
Vehumet


Innate Abilities, Weirdness & Mutations

You are partially covered in yellow scales. (AC +2)
You sometimes gain a little power by taking damage.


Message History

You hit the orc wizard but do no damage.
The orc wizard is moderately wounded.
The orc wizard hits you but does no damage.
The orc wizard closely misses you.
You hit the orc wizard.
The orc wizard is moderately wounded.
The orc wizard barely misses you.
The orc wizard mumbles some strange words.
The orc wizard blinks!
The orc wizard points at you and mumbles some strange words.
The magic dart hits you!
* * * LOW HITPOINT WARNING * * *
You feel better.
The orc wizard casts a spell.
The orc wizard blinks!
The orc wizard hits you with a dagger.
* * * LOW HITPOINT WARNING * * *
The orc wizard gestures at you while chanting.
The magic dart hits you!
You die...

..###..###......#
................#
..#####...#####.#
.## ###.## #.#
..# #..####†# ..#
##...##.### ..#
###......# ..#
#....o.# ..#
#....@># .##
######## ## #


You could see an orc wizard.

Vanquished Creatures
  3 adders (D:2)
  2 oozes
  A worm (D:2)
  A dart slug (D:3)
  3 leopard geckos
  2 orcs (D:3)
  3 bats
  3 giant cockroaches
  5 goblins
  6 hobgoblins
  3 jackals (D:3)
  5 frilled lizards
  5 kobolds
  3 rats
45 creatures vanquished.

Notes
Turn   | Place    | Note
-------+----------+-------------------------------------------
     0 | D:1      | riteheju the Demonspawn Assassin began the quest for the Orb.
     0 | D:1      | Reached XP level 1. HP: 16/16 MP: 1/1
   137 | D:1      | Reached skill level 4 in Stealth
   137 | D:1      | Gained mutation: You are partially covered in yellow scales. (AC +2) [demonic ancestry]
   137 | D:1      | Reached XP level 2. HP: 22/22 MP: 2/2
   593 | D:2      | Gained mutation: You sometimes gain a little power by taking damage. [demonic ancestry]
   593 | D:2      | Reached XP level 3. HP: 27/27 MP: 3/3
   631 | D:2      | Found a white marble altar of Elyvilon.
   954 | D:2      | Found a faded altar of an unknown god.
  1089 | D:2      | Found a shadowy altar of Dithmenos.
  1092 | D:2      | Found a bloodstained altar of Trog.
  1127 | D:2      | Reached XP level 4. HP: 9/33 MP: 4/4
  1485 | D:2      | Found a burning altar of Makhleb.
  1485 | D:2      | Found a radiant altar of Vehumet.
  1705 | D:3      | Reached skill level 1 in Dodging
  2086 | D:3      | Killed from afar by an orc wizard

Vault maps used:
D:1:      dpeg_arrival_connections
D:2:      gammafunk_temple_overflow_statue, grunt_temple_overflow_open,
          chequers_ecumenical_altar_simple, elyvilon_altar_5
D:3:      first_ration, uniq_grinder

Skill      XL: |  1  2  3  4 |
---------------+-------------+-----
Short Blades   | 2 |  2.5
Stealth        | 4 |  4.9
Dodging        | 1 |  1.0
Fighting       | |  2.3
Throwing       | |  1.9

Action                   |  1- 3 |  4- 6 || total
-------------------------+-------+-------++-------
Melee: Dagger            |    93 |    72 ||   165
  Use: Scroll            |       |     3 ||     3
       Potion            |       |     2 ||     2
 Stab: Sleeping          |     7 |     4 ||    11
  Eat: Chunk             |     1 |     3 ||     4
Armor: Robe              |    19 |    21 ||    40
Dodge: Dodged            |    35 |    27 ||    62

Table legend:
 A = Spawn XP
 B = Non-spawn XP
 C = Spawn XP percentage of total XP
 D = Spawn monster count
 E = Non-spawn monster count
 F = Spawn count percentage of total count
 G = Total turns spent on level
                    A         B        C        D         E        F      G
               +---------+---------+-------+---------+---------+-------+---------
         Total |       0 |     132 |   0.0 |       0 |      45 |   0.0 |  2086
               +---------+---------+-------+---------+---------+-------+---------
           D:1 |       0 |      25 |   0.0 |       0 |      14 |   0.0 |   557
           D:2 |       0 |      77 |   0.0 |       0 |      19 |   0.0 |  1338
           D:3 |       0 |      30 |   0.0 |       0 |      12 |   0.0 |   191
               +---------+---------+-------+---------+---------+-------+---------
